 Dungeon Crawl Stone Soup version 0.23.2-40-g277498a (webtiles) character file.

Game seed: 7546404193736300651

195 Aphrodieselac the Charmwright (level 5, -1/38 HPs)
             Began as a Merfolk Skald on Aug 19, 2019.
             Slain by a gnoll
             ... wielding a +0 spear
              (5 damage)
             ... on level 5 of the Dungeon.
             The game lasted 00:14:12 (3782 turns).

Aphrodieselac the Charmwright (Merfolk Skald)       Turns: 3782, Time: 00:14:12

Health: -1/38      AC:  4    Str: 12    XL:     5   Next: 74%
Magic:  0/8        EV: 12    Int: 15    God:
Gold:   165        SH:  0    Dex: 14    Spells: 0/8 levels left

rFire    + . .     SeeInvis .   k - +2 spear (pierce)
rCold    . . .     Gourm    .   (no shield)
rNeg     . . .     Faith    .   b - +0 leather armour
rPois    .         Spirit   .   (no helmet)
rElec    .         Reflect  .   g - +0 cloak
rCorr    .         Harm     .   (no gloves)
MR       .....                  (no boots)
Stlth    +.........             (no amulet)
HPRegen  0.12/turn              i - +3 ring of intelligence
MPRegen  0.11/turn              h - ring of protection from fire

@: infused, singing, very slightly contaminated
A: change form in water, swift swim, stealthy swim
a: no special abilities


You were on level 5 of the Dungeon.
You were not hungry.

You visited 1 branch of the dungeon, and saw 5 of its levels.

You collected 165 gold pieces.

Inventory:

Hand Weapons
 j - a +1 dagger of venom
 k - a +2 spear of piercing (weapon)
Armour
 b - a +0 leather armour (worn)
 g - a +0 cloak (worn)
Jewellery
 h - a ring of protection from fire (right hand)
 i - a +3 ring of intelligence (left hand)
Scrolls
 f - 5 scrolls of identify
 q - 2 scrolls of remove curse {unknown}
 r - 2 scrolls of amnesia {unknown}
 s - a scroll of teleportation {unknown}
 v - a scroll of enchant weapon {unknown}
 w - a scroll of fog {unknown}
Potions
 a - a potion of curing {unknown}
 c - a potion of flight {unknown}
 e - 3 potions of heal wounds {unknown}
 l - 3 potions of mutation {unknown}
 m - 3 potions of might {unknown}
 n - 2 potions of degeneration {unknown}
 o - 3 potions of lignification {unknown}
 p - a potion of berserk rage
 t - a potion of resistance {unknown}
 u - a potion of ambrosia {unknown}
 x - a potion of brilliance {unknown}
Comestibles
 d - 6 rations


   Skills:
 - Level 2.1 Fighting
 + Level 5.1 Polearms
 - Level 0.6 Armour
 - Level 2.6 Dodging
 - Level 2.0 Spellcasting
 * Level 6.0 Charms


You couldn't memorise any spells.
You knew the following spells:

 Your Spells              Type           Power        Failure   Level  Hunger
a - Infusion              Chrm           ###.         2%          1    #......
b - Song of Slaying       Chrm           ###.....     3%          2    ###....
c - Shroud of Golubria    Chrm/Tloc      ##........   12%         2    ###....
d - Spectral Weapon       Hex/Chrm       ##......     24%         3    ###....

Your spell library contained the following spells:

 Spells                   Type           Power        Failure   Level  Hunger
 Regeneration             Chrm/Necr      ##........   24%         3    ###....


Dungeon Overview and Level Annotations

Branches:
Dungeon (5/15)
 Temple: D:4-7

Altars:

Annotations:
D:3 Sigmund
D:4 Edmund


Message History

Press: ? - help, Dir - move target cursor, f - gnoll
Aim: a gnoll, wielding a +0 spear You reach to attack!
You barely miss the gnoll. The gnoll closely misses you.
Attack whom?
Press: ? - help, Dir - move target cursor, f/p - gnoll
Aim: a gnoll, wielding a +0 spear You reach to attack!
You barely miss the gnoll. The gnoll barely misses you.
Attack whom?
Press: ? - help, Dir - move target cursor, f/p - gnoll
Aim: a gnoll, wielding a +0 spear You reach to attack!
You closely miss the gnoll.
The gnoll hits you from afar with a +0 spear.
* * * LOW HITPOINT WARNING * * *
Attack whom?
Press: ? - help, Dir - move target cursor, f/p - gnoll
Aim: a gnoll, wielding a +0 spear You reach to attack!
You hit the gnoll.
The gnoll is heavily wounded.
The gnoll hits you from afar with a +0 spear.
You die...

##. #.##### #.. #.. #.....##
#.. #g# #####..# ####.. #g#
##.#####..... #g# #...#...####
####.# ###...### ######....#
##..##
##.......##############...#####
#.........##).@................
............g##################
.#.#.#.#.#.#.# .............#
.#.#.#.#.#.#.# ..........>..#
.#.#.#.#.#.#.# ............#
.#.#.#.#.###


You could see a gnoll.

Vanquished Creatures
  An orc wizard (D:3)
  A worker ant zombie (D:5)
  6 gnolls
  2 adders
  2 oozes
  An adder zombie (D:5)
  2 worms
  A leopard gecko (D:1)
  3 orcs
  4 bats
  6 giant cockroaches
  9 goblins
  7 hobgoblins
  2 jackals (D:3)
  8 kobolds
  3 frilled lizards
  8 rats
66 creatures vanquished.

Notes
Turn   | Place    | Note
-------+----------+-------------------------------------------
     0 | D:1      | Aphrodieselac the Merfolk Skald began the quest for the
                  | Orb.
     0 | D:1      | Reached XP level 1. HP: 16/16 MP: 3/3
    98 | D:1      | Reached XP level 2. HP: 22/22 MP: 5/5
   146 | D:1      | Reached skill level 4 in Charms
   736 | D:1      | Reached XP level 3. HP: 27/27 MP: 6/6
  1182 | D:2      | Learned a level 2 spell: Song of Slaying
  1185 | D:2      | Learned a level 2 spell: Shroud of Golubria
  1413 | D:2      | Found a faded altar of an unknown god.
  1697 | D:2      | Reached XP level 4. HP: 32/33 MP: 7/7
  2210 | D:3      | Reached skill level 5 in Charms
  2577 | D:3      | Noticed an ogre
  3135 | D:3      | Reached XP level 5. HP: 38/38 MP: 1/8
  3539 | D:3      | Noticed Sigmund
  3585 | D:4      | Noticed an ogre
  3586 | D:4      | Noticed Edmund
  3589 | D:5      | Entered Level 5 of the Dungeon
  3706 | D:5      | Reached skill level 5 in Polearms
  3754 | D:5      | Learned a level 3 spell: Spectral Weapon
  3778 | D:5      | Reached skill level 6 in Charms
  3782 | D:5      | Slain by a gnoll

Skill      XL: |  1  2  3  4  5 |
---------------+----------------+-----
Charms         | 4 5 6 |  6.0
Polearms       | 4 5 |  5.1
Fighting       | |  2.1
Armour         | |  0.6
Dodging        | |  2.6
Spellcasting   | |  2.0

Action                   |  1- 3 |  4- 6 || total
-------------------------+-------+-------++-------
Melee: Spear             |   130 |   142 ||   272
 Cast: Infusion          |     6 |     8 ||    14
       Song of Slaying   |       |     5 ||     5
       Shroud of Golubri |       |     4 ||     4
  Use: Scroll            |       |     1 ||     1
 Stab: Sleeping          |     2 |       ||     2
  Eat: Ration            |     1 |     1 ||     2
       Chunk             |       |     5 ||     5
Armor: Leather armour    |    30 |    20 ||    50
Dodge: Dodged            |    56 |    79 ||   135
